 Dungeon Crawl Stone Soup version 0.28.0-45-g0d030f2227 (webtiles) character file.

Game seed: 11525165215008122349

2 101zpm the Skirmisher (level 1, 0/14 HPs)
             Began as a Gargoyle Fighter on Apr 9, 2022.
             Frozen to death by an endoplasm (2 damage)
             ... on level 1 of the Dungeon.
             The game lasted 00:00:33 (156 turns).

101zpm the Skirmisher (Gargoyle Fighter)             Turns: 156, Time: 00:00:33

Health: 0/14       AC:  9    Str: 19    XL:     1   Next: 40%
Magic:  1/1        EV:  9    Int:  8    God:
Gold:   4          SH:  4    Dex:  9    Spells: 0/0 levels left

rFire   . . .      SeeInvis .   a - +0 flail
rCold   . . .      Faith    .   c - +0 buckler
rNeg    + . .      Spirit   .   b - +0 scale mail
rPois   ∞          Reflect  .   (no helmet)
rElec   +          Harm     .   (no cloak)
rCorr   .          Rampage  .   (no gloves)
Will    .....                   (no boots)
Stlth   ..........              (no amulet)
HPRegen 0.04/turn               (no ring)
MPRegen 0.07/turn               (no ring)

@: no status effects
A: sickness immunity, AC +2, negative energy resistance 1, electricity
resistance, torment resistance 1, petrification resistance
a: no special abilities


You were on level 1 of the Dungeon.
You visited 1 branch of the dungeon, and saw 2 of its levels.

You collected 4 gold pieces.

Inventory:

Hand Weapons
 a - a +0 flail (weapon)
Armour
 b - a +0 scale mail (worn)
 c - a +0 buckler (worn)
Potions
 d - a potion of might


   Skills:
 + Level 3.4 Fighting
 + Level 2.0 Maces & Flails
 + Level 3.3 Armour
 + Level 3.2 Shields


You couldn't memorise any spells.
You didn't know any spells.
Your spell library was empty.

Dungeon Overview and Level Annotations

Branches:
Dungeon (2/15)

Altars:

Annotations:
D:2 Terence


Innate Abilities, Weirdness & Mutations

You are immune to sickness and miasma.
Your stone body is resilient. (AC +2)
You are immune to poison.
You resist negative energy. (rN+)
You are resistant to electric shocks. (rElec)
You are resistant to unholy torment.
You are immune to petrification.


Message History

You climb upwards.
The ball python bites you but does no damage.
The ball python grabs you. The ball python constricts you.
The ball python closely misses you. The ball python constricts you.
There is a stone staircase leading down here.
You escape the ball python's grasp.
The endoplasm jiggles.
You thump the endoplasm!
You kill the endoplasm!
The ball python bites you but does no damage.
The ball python grabs you. The ball python constricts you.
You hit the ball python.
You kill the ball python!
There is a stone staircase leading down here.
You see here a ball python corpse.
You start resting.
HP restored.
Found a robe.
An endoplasm comes into view.
Found a stone staircase leading down.
The endoplasm quivers.
An endoplasm is nearby!
Found 17 stones.
The endoplasm jiggles.
The endoplasm freezes you.
You are frozen.
You hit the endoplasm.
The endoplasm is almost dead.
The endoplasm freezes you.
You are frozen.
* * * LOW HITPOINT WARNING * * *
The endoplasm jiggles.
The endoplasm freezes you.
You are frozen.
* * * LOW HITPOINT WARNING * * *
You hit the endoplasm but do no damage.
The endoplasm is almost dead.
The endoplasm freezes you.
You are frozen.
You die...

♣# ♣.♣.♣#♣ ..>#.....#
#.♣.....♣## #####
#........# #...
♣.....♣.# ##.#
#[....#.####..####
♣.♣.♣.♣.......>...
#######(#.........######
......J@...####..##
##########..##..##
##.##... ....### .### .#
.#


You could see an endoplasm.

Vanquished Creatures
  An endoplasm (D:1)
  A ball python (D:1)
  A rat (D:1)
3 creatures vanquished.

Notes
Turn   | Place    | Note
-------+----------+-------------------------------------------
     0 | D:1      | 101zpm the Gargoyle Fighter began the quest for the Orb.
     0 | D:1      | Reached XP level 1. HP: 14/14 MP: 1/1
    25 | D:1      | You fall into a shaft and drop 1 floor!
    25 | D:2      | Noticed Terence
   156 | D:1      | Frozen to death by an endoplasm

Illustrated notes

Levels and vault maps discovered:
D:1:      dpeg_arrival_round_c, layout_rooms, serial_forest,
          infiniplex_forest_end_2, infiniplex_forest_clump_tiny,
          infiniplex_forest_lined_3, infiniplex_forest_straight_2,
          infiniplex_forest_lined_room_2, infiniplex_forest_clump_double,
          infiniplex_forest_lined_ring, chequers_ecumenical_altar_simple_redux,
          minmay_tromino_v4_a
D:2:      layout_basic, uniq_terence

Action                   || total
-------------------------++-------
Melee: Flail             ||     6
Armor: Scale mail        ||     4
Dodge: Dodged            ||     2
Block: Buckler           ||     1
